 Dungeon Crawl Stone Soup version 0.29.1-12-g30fa7ad0bf (webtiles) character file.

Game seed: 15727338677956588567

46 thatblackman the Grave Robber (level 3, 0/24 HPs)
             Began as a Vampire Necromancer on Dec 27, 2022.
             Slain by a kobold
             ... wielding a +0 short sword
              (2 damage)
             ... on level 3 of the Dungeon on Dec 28, 2022.
             The game lasted 00:12:53 (1217 turns).

thatblackman the Grave Robber (Vampire Necromancer) Turns: 1217, Time: 00:12:56

Health: 0/24       AC:  2    Str: 13    XL:     3   Next: 44%
Magic:  4/6        EV: 12    Int: 19    God:
Gold:   98         SH:  0    Dex: 14    Spells: 2/6 levels left

rFire   . . .      SeeInvis +   j - +0 dagger
rCold   . . .      Faith    .   (no shield)
rNeg    . . .      Spirit   .   a - +0 robe
rPois   .          Reflect  .   (no helmet)
rElec   .          Harm     .   (no cloak)
rCorr   .          Rampage  .   (no gloves)
Will    .....                   (no boots)
Stlth   ++........              (no amulet)
HPRegen 0.28/turn               m - +6 ring of strength
MPRegen 0.10/turn               (no ring)

@: healing quickly
A: alive, fangs 3, see invisible, vampiric 2
a: Exsanguinate


You were on level 3 of the Dungeon.
You visited 1 branch of the dungeon, and saw 3 of its levels.

You collected 98 gold pieces.

Inventory:

Hand Weapons
 d - a +0 hand axe
 j - a +0 dagger (weapon)
Missiles
 f - 6 javelins (quivered)
Armour
 a - a +0 robe (worn)
 h - a +0 ring mail
Jewellery
 m - a +6 ring of strength (left hand)
Scrolls
 e - 3 scrolls of identify
Potions
 b - a potion of magic
 c - 2 potions of invisibility {unknown}
 i - a potion of resistance {unknown}
 l - a potion of might
 n - 2 potions of haste {unknown}


   Skills:
 + Level 0.3 Fighting
 + Level 0.7 Short Blades
 + Level 2.4 Dodging
 + Level 3.2 Stealth
 + Level 2.3 Spellcasting
 + Level 5.1 Necromancy


You had 2 spell levels left.
You knew the following spells:

 Your Spells              Type           Power      Damage    Failure   Level
a - Necrotise             Necr           84%        1d8       1%          1
b - Vampiric Draining     Necr           21%        2d7       6%          3

Your spell library contained the following spells:

 Spells                   Type           Power      Damage    Failure   Level
 Animate Dead             Necr           21%        N/A       19%         4
 Agony                    Necr           21%        N/A       47%         5


Dungeon Overview and Level Annotations

Branches:
Dungeon (3/15)

Altars:


Innate Abilities, Weirdness & Mutations

Your natural rate of healing is accelerated.
You have razor-sharp teeth.
You have supernaturally acute eyesight. (SInv)
You are afflicted with vampirism and can become a bat while bloodless.


Message History

The kobold hits you with a +0 short sword.
The adder bites you.
You are poisoned.
The adder poisons you! The kobold attacks as you move away!
The kobold hits you with a +0 short sword.
You feel sick.
Your quokka skeleton barely misses the adder.
You feel sick.
Your quokka skeleton bites the kobold.
The kobold attacks as you move away! The kobold closely misses you.
You feel sick.
Your quokka skeleton misses the adder.
The adder attacks as you move away! The adder bites you.
* * * LOW HITPOINT WARNING * * *
The kobold attacks as you move away! The kobold barely misses you.
You feel sick. The adder bites you but does no damage.
You closely miss the adder.
The adder is almost dead.
You feel sick.
You are no longer poisoned.
The kobold completely misses you. The adder bites you but does no damage.
Casting: Necrotise (safe; 1% risk of failure)
Confirm with . or Enter, or press ? or * to list all spells.
Aiming: Necrotise (safe; 1% risk of failure)
Press: ? - help, Shift-Dir - straight line, f - you, p - adder That beam is likely to hit you.
Continue anyway? [Y]es or [N]o only, please.
That beam is likely to hit you.
Continue anyway?
Okay, then.
It was a potion of cancellation.
You feel magically purged.
Your quokka skeleton misses the adder.
The adder closely misses you. The kobold closely misses you.
As you read the scroll labelled VAHUUN QALOSE, it crumbles to dust.
It is a scroll of identify.
l - a potion of might The adder barely misses you.
Your quokka skeleton bites the adder.
The adder dies!
The rat bites you.
* * * LOW HITPOINT WARNING * * *
The kobold hits you with a +0 short sword.
You die...

#### #... ##
###############.## #.
#....†......#<..# #.
#.##.######.###### ##.##
##.##........... #...###
###...##......####
+.8...###...8.........+...
#......Z.@....#.......##>#
###........ #..#####
........... ....
8...###...8 ##


You could see a kobold, a rat and a friendly quokka skeleton.

Vanquished Creatures
  An adder (D:3)
  A worm (D:3)
  3 ball pythons (D:1)
  4 bats
  An endoplasm (D:1)
  A giant cockroach (D:1)
  2 goblins
  4 hobgoblins
  8 kobolds
  2 quokkas
  A rat (D:1)
28 creatures vanquished.

Vanquished Creatures (collateral kills)
  An adder (D:3)
  An endoplasm (D:3)
2 creatures vanquished.

Grand Total: 30 creatures vanquished

Notes
Turn   | Place    | Note
-------+----------+-------------------------------------------
     0 | D:1      | thatblackman the Vampire Necromancer began the quest for
                  | the Orb.
     0 | D:1      | Reached XP level 1. HP: 13/13 MP: 3/3
   270 | D:1      | Reached XP level 2. HP: 12/19 MP: 0/5
   342 | D:1      | Reached skill level 5 in Necromancy
   406 | D:1      | Found a faded altar of an unknown god.
   849 | D:2      | Gained mutation: You are afflicted with vampirism and can
                  | become a bat while bloodless. [Vampire growth]
   849 | D:2      | Reached XP level 3. HP: 19/24 MP: 6/6
   854 | D:2      | Learned a level 3 spell: Vampiric Draining
  1217 | D:3      | Slain by a kobold

Illustrated notes

Levels and vault maps discovered:
D:1:      co_arrival_square_in_a_square_in_a_square, layout_rooms,
          ebering_ecumenical_altar_hall, serial_bayou_crossing
D:2:      layout_loops_corners, basic_altar
D:3:      layout_basic, lemuel_tele_altar, grunt_ministairs_13

Skill      XL: |  1  2 |
---------------+-------+-----
Necromancy     | 5 |  5.1
Fighting       | |  0.3
Short Blades   | |  0.7
Dodging        | |  2.4
Stealth        | |  3.2
Spellcasting   | |  2.3

Action                   || total
-------------------------++-------
Melee: Hand axe          ||    11
       Dagger            ||    70
       Bite              ||     8
       Punch             ||     1
Throw: Javelin           ||     5
 Cast: Necrotise         ||    14
  Use: Scroll            ||     2
       Potion            ||     4
 Stab: Sleeping          ||     1
Armor: Robe              ||    49
Dodge: Dodged            ||   121
